[Event "Team 45 45 League T34"]
[Site "Internet Chess Club"]
[Date "2007.08.24"]
[Round "6"]
[White "Checkmates"]
[Black "f5"]
[Result "0-1"]
[WhiteElo "2303"]
[BlackElo "2248"]
[Opening "Dutch"]
[ECO "A80"]
[Time "14:04:33"]
[TimeControl "2700+45"]

1. d4 f5 2. Nc3 d5 3. Bf4 Nf6 4. e3 c6 5. Bd3 g6 6. h4 Bg7 7. h5 Ne4 8. hxg6
hxg6 9. Rxh8+ Bxh8 10. Qf3 Bf6 11. Qh3 Nd7 12. Nge2 Kf7 13. f3 Nxc3 14. Nxc3 Qh8
15. Qxh8 Bxh8 16. O-O-O e5 17. dxe5 Nxe5 18. Be2 Be6 19. Rh1 Bg7 20. Rh7 Nd7 21.
Bh6 Rg8 22. Bxg7 Rxg7 23. Rh8 Nf8 24. Na4 b6 25. b4 Rh7 26. Rxh7+ Nxh7 27. Kd2
g5 28. Kc3 Ke7 29. Nb2 Kd6 30. Nd3 Nf6 31. Nf2 f4 32. exf4 gxf4 33. Nd3 Nh5 34.
Kd4 Bf5 35. Bd1 Bxd3 36. Kxd3 Ke5 37. c3 Ng3 38. Ba4 b5 39. Bb3 Nf5 40. Ke2 d4
41. c4 bxc4 42. Bxc4 Ne3 43. Ba6 Nxg2 44. Bb7 Kd6 45. Kd3 c5 46. Ke4 cxb4 47.
Kxd4 Ne3 48. Ba6 Nd5 49. Kc4 Kc6 50. Bb5+ Kb6 51. Be8 Nc7 52. Bf7 a5 53. Kd4
Nb5+ 54. Ke5 Kc5 55. Kxf4 Kd4 56. Kg5 a4 57. f4 Nd6 58. Be6 Ne4+ 59. Kg6 Nc5 60.
f5 a3 61. Kg7 b3 62. Bxb3 Nxb3 63. axb3 a2 64. f6 a1=Q 65. f7 Qg1+ 66. Kh7 Qh2+
67. Kg7 Qg3+ 68. Kh7 Qh4+ 69. Kg7 Qg5+ 70. Kh7 Qf6 71. Kg8 Qg6+ 72. Kf8 Kd5
{White resigns} 0-1

[Event "Team 45 45 League T34"]
[Site "Internet Chess Club"]
[Date "2007.08.23"]
[Round "6"]
[White "gyoung"]
[Black "fozzy"]
[Result "1-0"]
[WhiteElo "2217"]
[BlackElo "2198"]
[Opening "Sicilian, Szén (`anti-Taimanov') variation"]
[ECO "B44"]
[Time "14:59:13"]
[TimeControl "2700+45"]

1. e4 c5 2. Nf3 e6 3. d4 cxd4 4. Nxd4 Nc6 5. Nb5 d6 6. c4 Nf6 7. N1c3 a6 8. Nd4
Bd7 9. Be3 Be7 10. Be2 O-O 11. O-O Rc8 12. Rc1 Nxd4 13. Qxd4 Bc6 14. Rfd1 Qa5
15. f3 b5 16. cxb5 axb5 17. b4 Qa3 18. Bxb5 e5 19. Qd2 Bb7 20. Nb1 Qa8 21. a4 d5
22. exd5 Nxd5 23. Bc5 Bxc5+ 24. bxc5 Qa7 25. Qf2 Nb4 26. Rd7 Qa8 27. Nd2 Nc6 28.
Nc4 Rcd8 29. Nb6 Qb8 30. a5 Nxa5 31. c6 Bxc6 32. Bxc6 Nxc6 33. Rxc6 Rxd7 34.
Nxd7 Qb1+ 35. Qf1 Qb7 36. Rd6 Re8 37. Nxe5 Qc7 38. Qd1 Qc5+ 39. Qd4 Qc1+ 40. Kf2
Qc2+ 41. Kg3 h6 42. Rd8 Rxd8 43. Qxd8+ Kh7 44. Qd3+ {Black resigns} 1-0

[Event "Team 45 45 League T34"]
[Site "Internet Chess Club"]
[Date "2007.08.24"]
[Round "6"]
[White "chiiwen"]
[Black "Holzschlange"]
[Result "1-0"]
[WhiteElo "1939"]
[BlackElo "1933"]
[Opening "Sicilian: closed, Korchnoi variation"]
[ECO "B23"]
[Time "12:00:45"]
[TimeControl "2700+45"]

1. e4 c5 2. Nc3 e6 3. g3 d5 4. Bg2 Nf6 5. d3 d4 6. Nce2 e5 7. h3 Nc6 8. f4 Bd6
9. Nf3 b5 10. O-O O-O 11. f5 c4 12. g4 Nd7 13. Ng3 f6 14. h4 Nc5 15. g5 cxd3 16.
cxd3 b4 17. gxf6 Qxf6 18. Bg5 Qf7 19. Ne1 Ba6 20. Bh3 h6 21. Bc1 Rac8 22. f6 Qg6
23. Kh2 Rc7 24. Bf5 Qe8 25. fxg7 Rxg7 26. Bxh6 Qe7 27. Bxg7 Qxh4+ 28. Kg2 Kxg7
29. Rh1 Qg5 30. Nf3 Qe3 31. Rh7+ Kg8 32. Qh1 Nxd3 33. Rh8+ Kf7 34. Qh7+ {Black
resigns} 1-0

[Event "Team 45 45 League T34"]
[Site "Internet Chess Club"]
[Date "2007.08.25"]
[Round "6"]
[White "knightc9mate"]
[Black "touchthis"]
[Result "1/2-1/2"]
[WhiteElo "1789"]
[BlackElo "1770"]
[Opening "French: MacCutcheon, Lasker variation, 8...g6"]
[ECO "C12"]
[Time "21:09:59"]
[TimeControl "2700+45"]

1. e4 e6 2. d4 d5 3. Nc3 Nf6 4. Bg5 Bb4 5. e5 h6 6. Bd2 Bxc3 7. bxc3 Ne4 8. Qg4
g6 9. Bd3 Nxd2 10. Kxd2 c5 11. h4 c4 12. Be2 Qe7 13. a3 Nc6 14. Nf3 Bd7 15. Rhb1
O-O-O 16. Qf4 Nb8 17. g4 Bc6 18. Qf6 Qxf6 19. exf6 Nd7 20. Ne5 Nxe5 21. dxe5 a6
22. a4 Kc7 23. a5 Bb5 24. Ke3 Rd7 25. Kd4 Kc6 {Game drawn by mutual agreement}
1/2-1/2

[Event "Team 45 45 League T34"]
[Site "Internet Chess Club"]
[Date "2007.08.23"]
[Round "6"]
[White "sean98"]
[Black "HKNIGHT"]
[Result "0-1"]
[WhiteElo "1588"]
[BlackElo "1707"]
[Opening "Sicilian: Pelikan, Chelyabinsk variation"]
[ECO "B33"]
[Time "16:28:47"]
[TimeControl "2700+45"]

1. e4 c5 2. Nf3 Nc6 3. d4 cxd4 4. Nxd4 Nf6 5. Nc3 e5 6. Ndb5 d6 7. Bg5 a6 8. Na3
b5 9. Nd5 Be7 10. Nxf6+ Bxf6 11. Bxf6 Qxf6 12. c3 O-O 13. Nc2 Rd8 14. Ne3 Be6
15. Nd5 Bxd5 16. exd5 Ne7 17. Be2 Rac8 18. O-O Rc5 19. Bf3 Ng6 20. g3 Qg5 21.
Bg2 f5 22. a4 e4 23. f4 Qf6 24. axb5 axb5 25. Qb3 Ne7 26. Rfd1 g5 27. Ra5 gxf4
28. Rxb5 Rdc8 29. g4 f3 30. Bxf3 exf3 31. gxf5 Qg5+ 32. Kf2 Qg2+ 33. Ke3 Qe2+
34. Kf4 Rxb5 35. Rg1+ Kh8 36. Qa4 Nxd5+ 37. Kg3 Rg8+ 38. Kh4 {White resigns} 0-1

[Event "Team 45 45 League T34"]
[Site "Internet Chess Club"]
[Date "2007.08.24"]
[Round "6"]
[White "Queen"]
[Black "kingphisch"]
[Result "1-0"]
[WhiteElo "1611"]
[BlackElo "1522"]
[Opening "Caro-Kann: Panov-Botvinnik attack, 5...e6"]
[ECO "B14"]
[Time "13:09:22"]
[TimeControl "2700+45"]

1. e4 c6 2. c4 d5 3. exd5 cxd5 4. d4 Nf6 5. Nc3 e6 6. Nf3 Be7 7. Bf4 Nc6 8. Be2
O-O 9. O-O Bd7 10. Ne5 a6 11. Rc1 Rc8 12. c5 b5 13. cxb6 Qxb6 14. Na4 Qb7 15.
Bg5 Be8 16. a3 h6 17. Bh4 g5 18. Bg3 Ne4 19. Nxc6 Bxc6 20. b4 Bxa4 21. Qxa4 Nc3
22. Qxa6 Nxe2+ 23. Qxe2 Qa7 24. Qb2 Ra8 25. Rc7 Qxa3 26. Qxa3 Rxa3 27. Rxe7 Rd3
28. Rb1 Rc8 29. b5 Rxd4 30. h3 h5 31. b6 h4 32. b7 Rf8 33. b8=Q hxg3 34. Qxg3 f6
35. Rxe6 Rc4 36. Rxf6 Rxf6 37. Qxg5+ Kf7 38. Qxd5+ {Black resigns} 1-0

[Event "Team 45 45 League T34"]
[Site "Internet Chess Club"]
[Date "2007.08.26"]
[Round "6"]
[White "Budzo"]
[Black "Duguesclin"]
[Result "1/2-1/2"]
[WhiteElo "1762"]
[BlackElo "1707"]
[Opening "Queen's pawn game"]
[ECO "D02"]
[Time "10:01:45"]
[TimeControl "2700+45"]

1. Nf3 d5 2. d4 Bg4 3. e3 Nf6 4. c4 e6 5. Nc3 Bb4 6. a3 Bxc3+ 7. bxc3 O-O 8. Be2
dxc4 9. Bxc4 c5 10. Be2 Qa5 11. Bd2 Ne4 12. Qc2 Nxd2 13. Qxd2 Nd7 14. c4 Qxd2+
15. Nxd2 Bxe2 16. Kxe2 cxd4 17. exd4 b6 18. a4 f5 19. a5 Kf7 20. Rhb1 Rfc8 21.
Rb3 Kf6 22. Rba3 bxa5 23. Rxa5 Rc7 24. c5 e5 25. Ra6+ Kg5 26. c6 Nb8 27. R6a4
Nxc6 28. Nf3+ Kf6 29. dxe5+ Nxe5 30. Ra6+ Nc6 31. Nd4 Rac8 32. Rc1 Kf7 33. Raxc6
Rxc6 34. Rxc6 Rxc6 35. Nxc6 a6 36. Kd3 Kf6 37. Kc4 g5 38. Kb4 h5 39. Ka5 f4 40.
f3 g4 41. h3 gxf3 42. gxf3 Kg5 43. Nd4 Kh4 44. Ne6 Kg3 45. Ng5 Kh4 46. Ne6 Kxh3
47. Nxf4+ Kg3 48. Nxh5+ Kxf3 49. Kxa6 {Game drawn because neither player has
mating material} 1/2-1/2

[Event "Team 45 45 League T34"]
[Site "Internet Chess Club"]
[Date "2007.08.27"]
[Round "6"]
[White "JeCrainsDegun"]
[Black "jks2000"]
[Result "1-0"]
[WhiteElo "1690"]
[BlackElo "1656"]
[Opening "French: King's Indian attack"]
[ECO "C00"]
[Time "18:33:50"]
[TimeControl "2700+45"]

1. e4 e6 2. d3 d5 3. Nd2 c5 4. Ngf3 Nc6 5. g3 dxe4 6. Nxe4 Nf6 7. Bg5 Be7 8. Qd2
h6 9. Be3 Qd5 10. c3 Nxe4 11. dxe4 Qxe4 12. Bg2 Ne5 13. Nxe5 Qxg2 14. O-O-O Qe4
15. f4 f6 16. Ng4 O-O 17. Nf2 Qg6 18. Qc2 Qxc2+ 19. Kxc2 b6 20. g4 Ba6 21. Rhg1
Rfd8 22. Rxd8+ Rxd8 23. g5 hxg5 24. fxg5 f5 25. h4 e5 26. b3 f4 27. Bd2 Bb7 28.
Re1 Bd6 29. Nd3 Rf8 30. Nf2 f3 31. Re3 Rf4 32. Rd3 Be4 33. Bxf4 Bxd3+ 34. Kxd3
exf4 35. Ke4 Kf7 36. Kxf3 Kg6 37. Kg4 c4 38. bxc4 Kf7 39. Nh3 Be5 40. Nxf4 Bxc3
41. Kf5 Bb2 42. h5 Bc3 43. Nd5 Bb2 44. g6+ Kf8 45. Ke6 Bd4 46. Kd7 Bc5 47. Nc7
Be3 48. Ne6+ Kg8 49. Ke8 Bf2 50. a4 a5 51. Kd7 Be3 52. Kc6 Bf2 53. c5 bxc5 54.
Nxc5 Kf8 55. Ne4 Be1 56. Kd7 Bb4 57. Ng5 Bc3 58. Ne6+ Kg8 59. Ke8 Bd2 60. Nc7
Be1 61. Nd5 Bd2 62. Ne7+ Kh8 63. Kf7 Bc3 64. Nf5 Bb2 65. h6 gxh6 66. Nxh6 Bc3
67. Nf5 Be5 68. g7+ Bxg7 69. Nxg7 Kh7 70. Kf6 Kg8 71. Ne6 Kh7 72. Ke5 Kg6 73.
Nd4 Kf7 74. Kd5 Ke7 75. Nc6+ Kd7 76. Nxa5 Kc7 77. Kc5 Kb8 78. Kb6 Ka8 79. Ka6
Kb8 80. Nc4 Ka8 81. Nb6+ Kb8 82. a5 Kc7 83. Ka7 Kc6 84. a6 Kc7 85. Nd5+ Kc8 86.
Kb6 Kb8 87. a7+ Ka8 88. Nc7# {Black checkmated} 1-0

[Event "Team 45 45 League T34"]
[Site "Internet Chess Club"]
[Date "2007.08.26"]
[Round "6"]
[White "Mutaant"]
[Black "rooney95"]
[Result "0-1"]
[WhiteElo "1482"]
[BlackElo "1495"]
[Opening "Giuoco Pianissimo: Italian four knights variation"]
[ECO "C50"]
[Time "14:58:51"]
[TimeControl "2700+45"]

1. e4 e5 2. Nf3 Nc6 3. Bc4 Bc5 4. d3 Nf6 5. Nc3 O-O 6. O-O d6 7. h3 Kh8 8. Bg5
Be6 9. Bb5 a6 10. Bxc6 bxc6 11. Nd2 Rb8 12. Na4 Ba7 13. Kh2 d5 14. f4 Qd6 15.
Bxf6 gxf6 16. f5 Bd7 17. b3 Be3 18. Nf3 Rg8 19. Nc3 Bf4+ 20. Kh1 Rg7 21. Ne2
Rbg8 22. Nxf4 exf4 23. Nh4 c5 24. Qf3 dxe4 25. Qxe4 Bc6 26. Qxf4 Qd5 27. Rf3 Qd7
28. Rf2 Qd5 29. Rg1 Qd6 30. Qc4 Bd5 31. Qc3 Qg3 32. Qxc5 Qxh4 33. Rd2 Qxh3#
{White checkmated} 0-1

[Event "Team 45 45 League T34"]
[Site "Internet Chess Club"]
[Date "2007.08.26"]
[Round "6"]
[White "Creb"]
[Black "lmadueno"]
[Result "1-0"]
[WhiteElo "1767"]
[BlackElo "1581"]
[Opening "Vienna game"]
[ECO "C28"]
[Time "11:01:07"]
[TimeControl "2700+45"]

1. e4 e5 2. Bc4 Nc6 3. Nc3 Nf6 4. d3 Bc5 5. f4 Ng4 6. Qxg4 O-O 7. f5 Na5 8. Bb3
Nxb3 9. axb3 c6 10. Na4 Bb4+ 11. Nc3 d5 12. Bd2 dxe4 13. Qxe4 a5 14. Nf3 Qf6 15.
Bg5 Qd6 16. O-O h6 17. Be3 Qf6 18. Nd2 Rb8 19. Rf3 Bd7 20. Qg4 c5 21. Nde4 Qe7
22. Nd5 Qd8 23. Bxh6 g6 24. Ndf6+ Kh8 25. Qh4 {Black resigns} 1-0

[Event "Team 45 45 League T34"]
[Site "Internet Chess Club"]
[Date "2007.08.22"]
[Round "6"]
[White "AntonioMendonca"]
[Black "allanchs"]
[Result "0-1"]
[WhiteElo "1636"]
[BlackElo "1539"]
[Opening "English: four knights, kingside fianchetto"]
[ECO "A29"]
[Time "17:14:01"]
[TimeControl "2700+45"]

1. c4 e5 2. Nc3 Nf6 3. Nf3 Nc6 4. g3 d5 5. cxd5 Nxd5 6. d3 Be6 7. Bg2 Be7 8. O-O
O-O 9. a3 f5 10. b4 Nxc3 11. Qd2 Nd5 {White resigns} 0-1

[Event "Team 45 45 League T34"]
[Site "Internet Chess Club"]
[Date "2007.08.26"]
[Round "6"]
[White "fredd"]
[Black "stakastra"]
[Result "1-0"]
[WhiteElo "1618"]
[BlackElo "1537"]
[Opening "Queen's gambit declined"]
[ECO "D30"]
[Time "11:00:42"]
[TimeControl "2700+45"]

1. d4 d5 2. c4 e6 3. Nf3 h6 4. e3 Nf6 5. Bd3 c5 6. O-O Be7 7. b3 cxd4 8. Nxd4
Nc6 9. Bb2 O-O 10. a3 e5 11. Nf5 e4 12. Nxe7+ Nxe7 13. Bxf6 gxf6 14. Bc2 Be6 15.
Qh5 Kh7 16. f3 f5 17. fxe4 dxe4 18. Rf4 Qb6 19. Kf2 Rg8 20. Rh4 Rg6 21. Nd2 Ng8
22. Nxe4 Nf6 23. Nxf6+ Rxf6 24. Rf4 Qd6 25. Ke2 Rg8 26. g3 Qe5 27. Rb1 a5 28. b4
Bxc4+ 29. Rxc4 Rg5 30. Qf3 axb4 31. Rcxb4 Qc5 32. Bd3 b6 33. Qb7 Re6 {Black
resigns} 1-0

[Event "Team 45 45 League T34"]
[Site "Internet Chess Club"]
[Date "2007.08.24"]
[Round "6"]
[White "CheeryCherry"]
[Black "AtomicDog"]
[Result "1-0"]
[WhiteElo "1565"]
[BlackElo "1417"]
[Opening "Sicilian: Labourdonnais-Löwenthal (Kalashnikov) variation"]
[ECO "B32"]
[Time "17:07:51"]
[TimeControl "2700+45"]

1. e4 c5 2. Nf3 Nc6 3. d4 cxd4 4. Nxd4 e5 5. Nb5 d6 6. N1c3 a6 7. Na3 Nf6 8. Bg5
Be7 9. Bd3 O-O 10. Qd2 Rb8 11. h4 b5 12. Nd5 Nxd5 13. exd5 Na7 14. O-O-O f5 15.
Bxe7 Qxe7 16. h5 h6 17. Rde1 e4 18. f3 Qf7 19. fxe4 fxe4 20. Bxe4 Bf5 21. Bf3
Qc7 22. Kb1 b4 23. Nc4 Qxc4 24. Re7 Rf7 25. Rxf7 Kxf7 26. Be2 Qc8 27. Rf1 Kg8
28. Kc1 a5 29. Rf4 Qd7 30. g4 Bh7 31. g5 hxg5 32. Bg4 Qe7 33. Be6+ Kh8 34. Rf7
Rf8 35. Rxe7 Rf1+ 36. Qd1 Rxd1+ 37. Kxd1 Nb5 38. Re8+ {Black resigns} 1-0

[Event "Team 45 45 League T34"]
[Site "Internet Chess Club"]
[Date "2007.08.28"]
[Round "6"]
[White "vollmerj"]
[Black "az2112"]
[Result "1/2-1/2"]
[WhiteElo "1766"]
[BlackElo "1747"]
[Opening "Robatsch (modern) defense"]
[ECO "B06"]
[Time "21:57:05"]
[TimeControl "2700+45"]

1. e4 g6 2. d4 d6 3. Nc3 Bg7 4. Bc4 Nf6 5. Nf3 O-O 6. O-O c6 7. Bg5 b5 8. Bb3 a5
9. a3 Bb7 10. Bxf6 exf6 11. d5 b4 12. dxc6 Nxc6 13. axb4 axb4 14. Rxa8 Qxa8 15.
Nd5 Na5 16. Nb6 Qd8 17. Nd5 Nxb3 18. cxb3 Re8 19. Re1 Qa5 20. Qd2 Bxd5 21. exd5
Rxe1+ 22. Qxe1 Kf8 23. Qd2 f5 24. Kf1 Qa1+ 25. Ke2 Qxb2 26. Qxb2 Bxb2 27. Kd3
Bc3 28. Ng5 h6 29. Nf3 Ke7 30. Nd4 Kf6 31. Nc6 f4 32. f3 Be1 33. Kc4 g5 34. Nxb4
Bxb4 35. Kxb4 Ke7 36. Kb5 Kd7 37. Kb6 f5 38. b4 g4 39. Ka7 h5 40. b5 h4 41. b6
h3 42. gxh3 gxf3 43. b7 f2 44. b8=Q f1=Q 45. Qb7+ Kd8 46. Qb8+ Kd7 47. Qb7+ Kd8
48. Qb8+ Kd7 49. Qb7+ {Game drawn by repetition} 1/2-1/2

[Event "Team 45 45 League T34"]
[Site "Internet Chess Club"]
[Date "2007.08.25"]
[Round "6"]
[White "Chess2Play"]
[Black "GadsHill"]
[Result "1/2-1/2"]
[WhiteElo "1662"]
[BlackElo "1631"]
[Opening "QGD: 4.Bg5 Nbd7"]
[ECO "D51"]
[Time "23:01:26"]
[TimeControl "2700+45"]

1. d4 d5 2. c4 e6 3. Nc3 Nf6 4. Bg5 Nbd7 5. Nf3 c6 6. cxd5 exd5 7. e3 Be7 8. Bd3
O-O 9. Qc2 Re8 10. O-O Nf8 11. Ne5 Ng4 12. Bxe7 Qxe7 13. Nxg4 Bxg4 14. Ne2 h6
15. Nf4 Rad8 16. Bf5 Bxf5 17. Qxf5 Qe4 18. Qxe4 Rxe4 19. Rac1 Ne6 20. Nxe6 Rxe6
21. b4 f5 22. Rc3 Rde8 23. g3 g5 24. Re1 f4 25. gxf4 gxf4 26. Kg2 fxe3 27. Rcxe3
Rxe3 28. Rxe3 Rxe3 29. fxe3 Kf7 30. Kf3 Kf6 31. Kf4 b6 32. h4 a6 33. a3 b5 34.
Kg4 Kg6 35. Kf4 {Game drawn by mutual agreement} 1/2-1/2

[Event "Team 45 45 League T34"]
[Site "Internet Chess Club"]
[Date "2007.08.25"]
[Round "6"]
[White "Cantemir"]
[Black "Toalla"]
[Result "0-1"]
[WhiteElo "1316"]
[BlackElo "1357"]
[Opening "King's Indian, 3.Nf3"]
[ECO "E60"]
[Time "08:07:23"]
[TimeControl "2700+45"]

1. d4 Nf6 2. c4 g6 3. Nf3 Bg7 4. e3 d6 5. Bd3 Bg4 6. Nbd2 Nbd7 7. h3 Bxf3 8.
Nxf3 c5 9. d5 Qb6 10. O-O O-O 11. Rb1 e5 12. e4 Kh8 13. Qe2 Ng8 14. Be3 Bh6 15.
Ng5 Bg7 16. b4 h6 17. bxc5 Qc7 18. cxd6 Qxd6 19. c5 Nxc5 20. Bxc5 Qxc5 21. Rfc1
Qe7 22. Nf3 Rfc8 23. Rxc8 Rxc8 24. a4 Rc7 25. Bc4 Nf6 26. Qd3 Ne8 27. Bb5 Nd6
28. Bc6 bxc6 29. Rb8+ Bf8 30. Nxe5 cxd5 31. Qxd5 Kg7 32. Ng4 Qxe4 33. Qa8 Qxa8
34. Rxa8 Rc1+ 35. Kh2 Ne4 36. f3 Bd6+ 37. g3 Nxg3 38. Rxa7 Nf5+ 39. Kg2 Nh4+ 40.
Kf2 Bc5+ 41. Kg3 Bxa7 42. Kxh4 Ra1 43. Ne5 Bf2+ 44. Kg4 Rxa4+ 45. f4 f6 46. Nd3
Bd4 47. h4 Ra3 48. Nb4 f5# {White checkmated} 0-1

[Event "Team 45 45 League T34"]
[Site "Internet Chess Club"]
[Date "2007.08.25"]
[Round "6"]
[White "walleye"]
[Black "Russellovich"]
[Result "1-0"]
[WhiteElo "1410"]
[BlackElo "1693"]
[Opening "Benoni: classical with e4 and Nf3"]
[ECO "A70"]
[Time "10:59:52"]
[TimeControl "2700+45"]

1. d4 e6 2. c4 c5 3. d5 exd5 4. cxd5 d6 5. Nc3 Nf6 6. e4 g6 7. Nf3 Bg7 8. h3 O-O
9. Bd3 Re8 10. O-O b6 11. Bf4 Ba6 12. Re1 c4 13. Bc2 b5 14. a3 Nh5 15. Bh2 Qb6
16. e5 dxe5 17. Nxe5 f6 18. Nxg6 Rxe1+ 19. Qxe1 hxg6 20. Qe8+ Kh7 21. Bxg6+
{Black resigns} 1-0

[Event "Team 45 45 League T34"]
[Site "Internet Chess Club"]
[Date "2007.08.30"]
[Round "6"]
[White "Ozgur-Bjk"]
[Black "searchforbobby1"]
[Result "1/2-1/2"]
[WhiteElo "2161"]
[BlackElo "2082"]
[Opening "Dutch"]
[ECO "A80"]
[Time "15:08:17"]
[TimeControl "2700+45"]

1. d4 f5 2. Nf3 Nf6 3. c4 e6 4. Nc3 d5 5. Bf4 c6 6. e3 Be7 7. cxd5 exd5 8. Bd3
O-O 9. O-O Ne4 10. Qc2 Nd7 11. a3 Qe8 12. b4 a6 13. Na4 Qh5 14. Be2 Qf7 15. Nc5
Kh8 16. a4 b6 17. Nxd7 Bxd7 18. Ne5 Qe6 19. Rfb1 Rfc8 20. f3 Nd6 21. Bd3 g6 22.
Qb3 Nf7 23. e4 Bf6 24. Nxf7+ Qxf7 25. e5 Be7 26. a5 b5 27. Qc2 Qe6 28. Qd2 Rf8
29. Bg5 Bxg5 30. Qxg5 Kg7 31. f4 Rfe8 32. Rc1 Qe7 33. Qxe7+ Rxe7 34. Rc5 Ree8
35. Rac1 Rac8 36. Kf2 Kf7 37. Be2 Ke7 38. Bf3 Rf8 39. h3 Ke6 40. Ke3 Ke7 41. g4
Ke6 42. g5 Rh8 43. h4 Ke7 44. Rh1 h5 45. gxh6 Rxh6 46. Rc2 Rch8 47. Rch2 Be8
{Game drawn by mutual agreement} 1/2-1/2

[Event "Team 45 45 League T34"]
[Site "Internet Chess Club"]
[Date "2007.09.01"]
[Round "6"]
[White "Burning-Bush"]
[Black "Extremophile"]
[Result "0-1"]
[WhiteElo "2119"]
[BlackElo "2221"]
[Opening "King's Indian: Kramer system"]
[ECO "E70"]
[Time "16:01:20"]
[TimeControl "2700+45"]

1. d4 Nf6 2. c4 g6 3. Nc3 Bg7 4. e4 d6 5. Nge2 O-O 6. g3 Nc6 7. Bg2 Re8 8. O-O
e5 9. d5 Nd4 10. h3 c5 11. dxc6 bxc6 12. Be3 c5 13. Kh2 h5 14. Ng1 Rb8 15. b3
Rf8 16. Bg5 Qe8 17. Qd2 Nh7 18. Bh6 f5 19. Bxg7 Kxg7 20. f4 h4 21. Nge2 Nf6 22.
Rae1 Qd8 23. Rd1 Nxe4 24. Nxe4 fxe4 25. Bxe4 hxg3+ 26. Nxg3 Qh4 27. f5 gxf5 28.
Qg2 Kh8 29. Rxd4 cxd4 30. Bxf5 Bb7 31. Qe2 Rg8 32. Bg4 Rbf8 33. Nf5 Qf6 34. Qd2
Qg5 35. Qe1 e4 36. Nxd4 Rxf1 37. Qxf1 Qe5+ {White resigns} 0-1

[Event "Team 45 45 League T34"]
[Site "Internet Chess Club"]
[Date "2007.08.27"]
[Round "6"]
[White "EUPHRATES"]
[Black "spacecadet"]
[Result "1-0"]
[WhiteElo "1991"]
[BlackElo "2060"]
[Opening "English opening"]
[ECO "A16"]
[Time "10:15:22"]
[TimeControl "2700+45"]

1. c4 Nf6 2. Nc3 d6 3. g3 e5 4. Bg2 g6 5. Nf3 Bg7 6. O-O O-O 7. d3 c6 8. Rb1
Nbd7 9. b4 d5 10. b5 e4 11. dxe4 dxe4 12. Ng5 e3 13. bxc6 bxc6 14. Bxc6 Ng4 15.
f4 Rb8 16. Rxb8 Nxb8 17. Bd5 Bxc3 18. Qb3 Bf6 19. Qxb8 Bxg5 20. fxg5 Qxg5 21.
Rxf7 Rxf7 22. Qxc8+ Kg7 23. Bxf7 Qa5 24. Bb2+ Nf6 25. Qh8+ Kxf7 26. Qxf6+ Ke8
27. Qe5+ {Black resigns} 1-0

[Event "Team 45 45 League T34"]
[Site "Internet Chess Club"]
[Date "2007.08.27"]
[Round "6"]
[White "PublisherKing"]
[Black "Queen"]
[Result "1-0"]
[WhiteElo "1908"]
[BlackElo "1530"]
[Opening "English opening"]
[ECO "A21"]
[Time "12:06:40"]
[TimeControl "2700+45"]

1. c4 e5 2. Nc3 d6 3. g3 g6 4. Bg2 Nc6 5. Nf3 Bg7 6. O-O Nge7 7. Nd5 O-O 8. d3
h6 9. h3 Be6 10. Qb3 Rb8 11. a4 Kh7 12. Bd2 f5 13. Nc3 Qd7 14. e4 Nd4 15. Nxd4
exd4 16. Nd5 fxe4 17. Nf4 e3 18. fxe3 Nf5 19. exd4 Nxg3 20. Rfe1 Bf5 21. Kh2 Nh5
22. Nxh5 gxh5 23. Re2 Bxd4 24. Bc3 Bxc3 25. Qxc3 Rbe8 26. Rae1 Rxe2 27. Rxe2 Qg7
28. Bxb7 Qxc3 29. bxc3 Bxd3 30. Re7+ Kg6 31. Rxc7 Rf2+ 32. Kg3 Rc2 33. c5 d5 34.
Bxd5 Rxc3 35. Kf4 Bc2 36. Be4+ Bxe4 37. Kxe4 Rc4+ 38. Kd5 Rxa4 39. c6 Ra1 40.
Rd7 Kg5 41. c7 Rc1 42. Re7 Kh4 43. Re4+ Kxh3 44. Rc4 Rd1+ 45. Kc5 {Black
resigns} 1-0

[Event "Team 45 45 League T34"]
[Site "Internet Chess Club"]
[Date "2007.08.24"]
[Round "6"]
[White "Shadowknife7"]
[Black "netshooter"]
[Result "1-0"]
[WhiteElo "1906"]
[BlackElo "1838"]
[Opening "Réti opening"]
[ECO "A05"]
[Time "18:04:08"]
[TimeControl "2700+45"]

1. Nf3 Nf6 2. g3 d5 3. Bg2 e6 4. d4 Bd6 5. O-O c5 6. c3 Nc6 7. Na3 a6 8. Nc2 O-O
9. Bg5 h6 10. Be3 c4 11. h3 b5 12. a4 Bb7 13. Nh4 b4 14. f4 bxc3 15. bxc3 Na5
16. Qe1 Nb3 17. Ra2 Bc6 18. Na1 Rb8 19. f5 Qd7 20. a5 Bc7 21. g4 Ne4 22. fxe6
Qxe6 23. Bf4 Bxf4 24. Rxf4 g5 25. Rxe4 dxe4 26. Nf5 Kh7 27. Nc2 Bd7 28. Nce3 Rb5
29. d5 Qe5 30. Ng3 Kh8 31. Bxe4 Nc5 32. Nxc4 Qf4 33. e3 Qf6 34. Rf2 Qe7 35. Bc2
Nb7 36. Qd2 Nxa5 37. Qd3 f6 38. Ne5 Be8 39. d6 Qg7 40. Nf5 Qh7 41. d7 Bxd7 42.
Nxd7 Rf7 43. Nxf6 Rxf6 44. Qd8+ Rf8 45. Qxf8+ Qg8 46. Qf6+ Kh7 47. Nxh6+ Qg6 48.
Qxg6+ Kh8 49. Rf8# {Black checkmated} 1-0

[Event "Team 45 45 League T34"]
[Site "Internet Chess Club"]
[Date "2007.08.26"]
[Round "6"]
[White "ETwoEFour"]
[Black "fledermaus"]
[Result "1-0"]
[WhiteElo "2106"]
[BlackElo "2054"]
[Opening "Alekhine's defense: modern variation, 4...Bg4"]
[ECO "B05"]
[Time "18:11:14"]
[TimeControl "2700+45"]

1. e4 Nf6 2. e5 Nd5 3. Nf3 d6 4. d4 Bg4 5. Be2 e6 6. c4 Nb6 7. exd6 cxd6 8. O-O
Be7 9. Nc3 O-O 10. Bf4 Nc6 11. d5 exd5 12. cxd5 Bxf3 13. Bxf3 Ne5 14. Be2 Bg5
15. Bxg5 Qxg5 16. f4 Qh6 17. fxe5 Qe3+ 18. Kh1 dxe5 19. Qb3 Rad8 20. Rad1 e4 21.
d6 Rd7 22. Bb5 {Black resigns} 1-0

[Event "Team 45 45 League T34"]
[Site "Internet Chess Club"]
[Date "2007.08.27"]
[Round "6"]
[White "Wheels"]
[Black "Ghashgork"]
[Result "1-0"]
[WhiteElo "1877"]
[BlackElo "1655"]
[Opening "King's Indian: Torre attack"]
[ECO "A48"]
[Time "14:02:51"]
[TimeControl "2700+45"]

1. d4 Nf6 2. Nf3 g6 3. Bg5 Bg7 4. Nbd2 d6 5. e3 O-O 6. c3 Nbd7 7. a4 e5 8. Be2
Re8 9. Qc2 h6 10. Bxf6 Nxf6 11. dxe5 dxe5 12. Rd1 Qe7 13. e4 Bd7 14. O-O Bc6 15.
b4 b6 16. Ba6 Rad8 17. Bb5 Bxb5 18. axb5 Qe6 19. Rfe1 c6 20. Qa4 cxb5 21. Qxb5
Rc8 22. c4 Qc6 23. Qxc6 Rxc6 24. Ra1 Rc7 25. Rec1 Nh5 26. g3 Nf6 27. c5 Bf8 28.
cxb6 Rxc1+ 29. Rxc1 axb6 30. Rc6 Nd7 31. b5 f6 32. Kf1 Kf7 33. Nc4 Bc5 34. Nd6+
Bxd6 35. Rxd6 Ke7 36. Rc6 Ra8 37. Nh4 Rg8 38. Ke2 Kf7 39. Ke3 h5 40. Rc7 Ke6 41.
Rc6+ Kf7 42. Rc7 Ke6 43. Rc6+ Ke7 44. f4 exf4+ 45. gxf4 g5 46. Nf5+ Kd8 47. Nd6
gxf4+ 48. Kxf4 Rg4+ 49. Kf5 Rg5+ 50. Kf4 Ke7 51. Nc8+ Kd8 52. Nxb6 Rxb5 53. Nxd7
Kxd7 54. Rxf6 Rb2 55. h4 Ke7 56. Rh6 Rb5 57. Rg6 Kf7 58. Rg5 {Black resigns} 1-0

[Event "Team 45 45 League T34"]
[Site "Internet Chess Club"]
[Date "2007.08.23"]
[Round "6"]
[White "ChessAddict14"]
[Black "Morpheous"]
[Result "0-1"]
[WhiteElo "1716"]
[BlackElo "1994"]
[Opening "Catalan: open, 5.Nf3"]
[ECO "E04"]
[Time "20:58:25"]
[TimeControl "2700+45"]

1. d4 Nf6 2. c4 e6 3. g3 d5 4. Nf3 dxc4 5. Bg2 Nc6 6. O-O Be7 7. e3 O-O 8. Qe2
Bd7 9. Nc3 a6 10. Qxc4 b5 11. Qe2 Na5 12. Rd1 b4 13. Nb1 c5 14. Nbd2 Bb5 15. Qe1
c4 16. Ne5 Rc8 17. Ndf3 Ba4 18. b3 cxb3 19. axb3 Bxb3 20. Rd3 Bc2 21. Rd2 Nb3
22. Rxa6 Nxd2 23. Bxd2 b3 24. Qa1 Qd5 25. Ne1 Be4 26. f3 Qb7 27. Ra7 b2 28. Rxb7
bxa1=Q 29. fxe4 {White resigns} 0-1